 Dungeon Crawl Stone Soup version 0.20.1-1-g8b1a95d (webtiles) character file.

74 vishdafish the Cudgeler (level 4, 0/66 HPs)
             Began as a Troll Berserker on July 12, 2017.
             Was a Believer of Trog.
             Killed from afar by an orc wizard (6 damage)
             ... with a magic dart
             ... on level 3 of the Dungeon.
             The game lasted 00:02:25 (1510 turns).

vishdafish the Cudgeler (Troll Berserker)           Turns: 1510, Time: 00:02:27

Health: 0/66       AC:  5    Str: 27    XL:     4   Next: 10%
Magic:  3/3        EV: 10    Int:  3    God:    Trog [**....]
Gold:   97         SH:  0    Dex: 10    Spells: 3/3 levels left

rFire    . . .     SeeInvis .   a - +0 mace
rCold    . . .     Gourm    +   (no shield)
rNeg     . . .     Faith    .   b - +0 animal skin
rPois    .         Spirit   .   (helmet restricted)
rElec    .         Reflect  .   (no cloak)
rCorr    .         Harm     .   (gloves unavailable)
MR       .....                  (boots unavailable)
Stlth    ..........             (no amulet)
Regen    0.7/turn               h - -3 ring of strength (curse)
MPRegen  0.1/turn               (no ring)

@: berserking (expiring), very quick
A: unfitting armour, claws 3, fast metabolism 3, gourmand, regeneration 1,
shaggy fur 1, tough skin 2
a: Berserk, Trog's Hand, Burn Spellbooks, Renounce Religion


You were on level 3 of the Dungeon.
You worshipped Trog.
Trog was pleased with you.
You were not hungry.

You visited 1 branch of the dungeon, and saw 3 of its levels.

You collected 97 gold pieces.

Inventory:

Hand Weapons
 a - a +0 mace (weapon)
Armour
 b - a +0 animal skin (worn)
Jewellery
 h - a cursed -3 ring of strength (left claw)
Scrolls
 e - a scroll of remove curse {unknown}
Potions
 d - a potion of agility {unknown}
 g - a potion of haste {unknown}
Comestibles
 c - 4 bread rations
 f - 2 meat rations


   Skills:
 + Level 2.9 Fighting
 + Level 3.5 Maces & Flails
 + Level 2.9 Dodging
 + Level 0.3 Stealth


You had 3 spell levels left.
You didn't know any spells.

Dungeon Overview and Level Annotations

Branches:
Dungeon (3/15)

Altars:


Innate Abilities, Weirdness & Mutations

You are too large for most types of armour.
You have claws for hands.
Your metabolism is lightning-fast.
You like to eat raw meat.
Your natural rate of healing is unusually fast.
You are covered in fur. (AC +1)
You have very tough skin. (AC +2)


Message History

You feel a bit more experienced.
You closely miss the rat.
The orc hits you from afar with a trident!
* * * LOW HITPOINT WARNING * * *
The orc wizard gestures wildly while chanting.
The orc wizard seems to speed up.
The rat barely misses you.
You thump the rat!
You kill the rat!
Trog accepts your kill.
The orc hits you from afar with a trident.
* * * LOW HITPOINT WARNING * * *
Items here: ))) [ ††† You barely miss the orc.
You thump the orc wizard!
The orc wizard is severely wounded.
The orc wizard barely misses you. The orc hits you with a trident.
* * * LOW HITPOINT WARNING * * *
The orc wizard gestures at you while chanting.
The magic dart hits you!
You die...

#.# #...# #.#
###.#
#......... #.#
#.# .........
#.# #.#
.....?... #.#
#.# .........
#.# #.#
#......K. #.#
#.# #........
#.#
#.####o......#
#.#
#....@o)......
#.#
#############.
#.#######
#.......#
#######.# #.#
#)#
#.##########
#.#.........


You could see an orc wizard, an orc and a kobold (wandering).

Vanquished Creatures
  An orc wizard (D:3)
  2 worms (D:2)
  A dart slug (D:1)
  A leopard gecko (D:1)
  An orc (D:3)
  4 bats
  A giant cockroach (D:2)
  8 goblins
  5 hobgoblins
  4 kobolds
  A quokka (D:2)
  2 frilled lizards
  5 rats
36 creatures vanquished.

Notes
Turn   | Place    | Note
-------+----------+-------------------------------------------
     0 | D:1      | vishdafish the Troll Berserker began the quest for the Orb.
     0 | D:1      | Reached XP level 1. HP: 22/22 MP: 0/0
    65 | D:1      | You fall through a shaft!
   218 | D:2      | Found a faded altar of an unknown god.
   244 | D:2      | Reached XP level 2. HP: 12/29 MP: 1/1
   246 | D:2      | Reached skill level 3 in Maces & Flails
   757 | D:1      | Reached XP level 3. HP: 36/36 MP: 2/2
   758 | D:1      | Reached ** piety under Trog
  1505 | D:3      | Reached XP level 4. HP: 18/44 MP: 3/3
  1510 | D:3      | Killed from afar by an orc wizard

Skill      XL: |  1  2 |
---------------+-------+-----
Maces & Flails | 3 |  3.5
Fighting       | |  2.9
Dodging        | |  2.9
Stealth        | |  0.3

Action                   |  1- 3 |  4- 6 || total
-------------------------+-------+-------++-------
Melee: Mace              |   106 |     4 ||   110
Invok: Berserk           |     1 |       ||     1
  Use: Scroll            |     3 |       ||     3
 Stab: Sleeping          |     2 |       ||     2
  Eat: Chunk             |    14 |       ||    14
Armor: Animal skin       |    41 |       ||    41
Dodge: Dodged            |    60 |     2 ||    62
